 Dungeon Crawl Stone Soup version 0.17-a0-1450-g7e755d1 (webtiles) character file.

13 Sirial the Grasshopper (level 2, 0/22 HPs)
             Began as a Demonspawn Wanderer on June 30, 2015.
             Hit by a stone thrown by a kobold (3 damage)
             ... on level 1 of the Dungeon.
             The game lasted 00:02:14 (351 turns).

Sirial the Grasshopper (Demonspawn Wanderer)         Turns: 351, Time: 00:02:14

Health: 0/22       AC:  2    Str: 10    XL:     2   Next: 24%
Magic:  0/5        EV: 11    Int: 13    God:
Gold:   0          SH:  0    Dex: 14    Spells: 2 memorised, 3 levels left

rFire  . . .     SeeInvis .     e - +0 dagger
rCold  . . .     Clarity  .     d - +0 robe
rNeg   . . .     SustAt   .     (no shield)
rPois  .         Gourm    .     (no helmet)
rElec  .         Spirit   .     (no cloak)
rCorr  .         Warding  .     (no gloves)
rMut   .         Stasis   .     (no boots)
MR     .....                    (no amulet)
Stlth  +.........               (no ring)
                                (no ring)

@: not resistant to hostile enchantments, very unstealthy
A: talons 1
a: no special abilities


You were on level 1 of the Dungeon.
You were not hungry.

You visited 1 branch of the dungeon, and saw 1 of its levels.

Inventory:

Hand weapons
 e - a +0 dagger (weapon)
Missiles
 h - 18 bolts
Armour
 d - a +0 robe (worn)
Jewellery
 m - an uncursed ring of see invisible {unknown}
Scrolls
 c - a scroll of teleportation
 j - a scroll of identify {unknown}
 k - a scroll of amnesia {unknown}
Potions
 g - a potion of curing {unknown}
 i - a potion of brilliance {unknown}
 l - a potion of heal wounds {unknown}
Books
 a - a book of Spatial Translocations

   Spells                             Type                      Level
   a - Apportation                    Translocation                1
   b - Blink                          Translocation                2
   c - Shroud of Golubria             Charms/Translocation         2
   d - Portal Projectile              Translocation                3
   e - Teleport Other                 Translocation                3
   f - Passage of Golubria            Translocation                4
 b - the Collected Works on the Frostbite

   Spells                             Type                      Level
   a - Freeze                         Ice                          1
   b - Ozocubu's Armour               Charms/Ice                   3
Comestibles
 f - a bread ration


   Skills:
 + Level 2.1 Fighting
 + Level 0.1 Short Blades
 + Level 1.0 Throwing
 + Level 1.0 Unarmed Combat
 + Level 2.2 Spellcasting
 + Level 2.9 Translocations
 + Level 0.1 Ice Magic
   Level 1.0 Evocations


You had 3 spell levels left.
You knew the following spells:

 Your Spells              Type           Power        Failure   Level  Hunger
a - Apportation           Tloc           #.........   10%         1    ##.....
b - Freeze                Ice            #...         24%         1    ##.....


Dungeon Overview and Level Annotations

Branches:
Dungeon (1/15)

Altars:


Innate Abilities, Weirdness & Mutations

You have sharp toenails.


Message History

* * * LOW HITPOINT WARNING * * *
Casting: Freeze
Confirm with . or Enter, or press ? or * to list all spells.
Aiming: Freeze
Press: ? - help, Shift-Dir - straight line, f/p - jackal
Aim: a jackal (almost dead)
You freeze the jackal.
You kill the jackal!
Your magical contamination has completely faded away.
Things that are here:
a jackal corpse x3
A kobold comes into view. It is wielding a whip.
The kobold shouts!
The kobold throws a stone.
The stone hits you but does no damage.
You see here a stone.
The kobold throws a stone.
The stone hits you but does no damage.
You see here a stone.
The kobold throws a stone.
The stone barely misses you.
The kobold throws a stone.
The stone hits you.
You die...

#.# .#
#.# #.#
#†# #(#
#(# #.#
#.# #. #
#@# #.##
#.# #.##
#K#
###.##
#.# #
#.....
#..
#.##.....
###
.........
#.##.....
#......).
######.##


You could see a kobold.

Vanquished Creatures
  A goblin (D:1)
  2 hobgoblins (D:1)
  3 jackals (D:1)
  A ball python (D:1)
  2 giant cockroaches (D:1)
  A giant newt (D:1)
  A kobold (D:1)
  A rat (D:1)
12 creatures vanquished.

Notes
Turn   | Place    | Note
--------------------------------------------------------------
     0 | D:1      | Sirial the Demonspawn Wanderer began the quest for the Orb.
     0 | D:1      | Sirial set off with: a book of Spatial Translocations, the Collected Works on the Frostbite, a scroll of teleportation, a +0 robe, a +0 dagger, a bread ration
     0 | D:1      | Reached XP level 1. HP: 16/16 MP: 3/3
     2 | D:1      | Learned a level 1 spell: Apportation
     4 | D:1      | Learned a level 1 spell: Freeze
   249 | D:1      | Gained mutation: You have sharp toenails. [demonic ancestry]
   249 | D:1      | Reached XP level 2. HP: 12/22 MP: 0/5
   351 | D:1      | Hit by a stone thrown by a kobold

Vault maps used:
D:1:      dpeg_arrival_tiny_a, st_stairs_7

Action                   || total
-------------------------++-------
Melee: Dagger            ||    46
 Cast: Freeze            ||    13
